 Dungeon Crawl Stone Soup version 0.28-a0-1347-g113dc556a4 (webtiles) character file.

Game seed: 3510874818561931794

21 sanka the Vexing (level 2, 19/19 HPs)
             Began as a Demonspawn Enchanter on Dec 29, 2021.
             Quit the game on level 1 of the Dungeon.
             The game lasted 00:03:14 (1525 turns).

sanka the Vexing (Demonspawn Enchanter)             Turns: 1525, Time: 00:03:14

Health: 19/19      AC:  2    Str:  8    XL:     2   Next: 62%
Magic:  5/5        EV: 12    Int: 16    God:
Gold:   20         SH:  0    Dex: 13    Spells: 3/5 levels left

rFire   . . .      SeeInvis .   a - +1 dagger
rCold   . . .      Faith    .   (no shield)
rNeg    . . .      Spirit   .   b - +0 robe
rPois   .          Reflect  .   (helmet restricted)
rElec   .          Harm     .   (no cloak)
rCorr   .          Rampage  .   (no gloves)
Will    .....                   (no boots)
Stlth   ++........              (no amulet)
HPRegen 0.06/turn               (no ring)
MPRegen 0.09/turn               d - ring of wizardry

@: no status effects
A: horns 1
a: no special abilities


You were on level 1 of the Dungeon.
You visited 1 branch of the dungeon, and saw 1 of its levels.

You collected 20 gold pieces.


Innate Abilities, Weirdness & Mutations

You have a pair of small horns on your head.


   Skills:
 + Level 1.4 Short Blades
 - Level 1.7 Dodging
 + Level 3.1 Stealth
 - Level 2.0 Spellcasting
 + Level 3.3 Hexes


You had 3 spell levels left.
You knew the following spells:

 Your Spells              Type           Power      Damage    Failure   Level
z - Ensorcelled Hibernat  Hex/Ice        12%        N/A       6%          2

Your spell library contained the following spells:

 Spells                   Type           Power      Damage    Failure   Level
 Confusing Touch          Hex            12%        N/A       6%          3
 Tukima's Dance           Hex            12%        N/A       6%          3
 Animate Skeleton         Necr           2%         N/A       9%          1
 Pain                     Necr           4%         1d4       9%          1
 Dazzling Flash           Conj/Hex       12%        N/A       13%         3
 Gell's Gravitas          Tloc           1%         N/A       24%         3
 Lesser Beckoning         Tloc           1%         N/A       24%         3
 Teleport Other           Tloc           1%         N/A       24%         3
 Vampiric Draining        Necr           1%         2d6       24%         3

Inventory:

Hand Weapons
 a - a +1 dagger (weapon)
Armour
 b - a +0 robe (worn)
Jewellery
 d - a ring of wizardry (right hand)
Scrolls
 g - a scroll of teleportation {unknown}
 j - a scroll of noise {unknown}
Potions
 c - a potion of invisibility
 e - a potion of might {unknown}
 f - a potion of attraction {unknown}
 h - a potion of brilliance {unknown}
 i - a potion of ambrosia {unknown}

Dungeon Overview and Level Annotations

Branches:
Dungeon (1/15)

Altars:

Shops:
D:1

:
▒▒▒▒▒▒▒▒▒▒▒▒▒▒▒▒▒▒▒▒▒.▒▒▒▒▒▒▒▒▒
▒
..............................▒
▒
▒▒▒▒▒▒.▒.▒▒▒▒▒▒..............▒▒
▒ ▒▒▒▒
▒.▒.▒▒▒▒▒▒.>..........▒..▒ ▒
...▒▒▒.▒.▒.......▒.▒▒.........▒
▒
▒.▒................▒▒.▒▒▒▒.▒..▒
▒ .▒▒▒..................▒
▒.▒..▒ ▒
▒.▒..▒.▒.▒▒▒▒▒.▒.▒....▒ ▒....▒
▒ ▒▒.▒.▒.▒.▒
▒▒▒.▒6▒....▒▒▒▒....▒ ▒
▒▒.▒.▒.▒.▒ ▒.....▒.▒..........▒
▒
...▒.▒.▒.▒▒▒.....▒...▒▒▒▒▒....▒
▒ .........(.......▒..▒▒ ▒....▒
▒
▒▒.▒.▒▒▒▒▒▒▒.....▒...▒▒▒▒▒.▒.▒▒
▒ ▒.▒.▒ ▒...............▒.▒▒ ▒
▒.▒.▒ ▒▒▒.▒▒▒.▒.▒▒▒▒.....▒ ▒
▒.▒.▒ ▒.▒ ▒.▒.▒▒▒.....▒▒ ▒
▒...▒ ▒.▒ ▒........▒▒▒▒ ▒


There were no monsters in sight!


Message History

You closely miss the giant cockroach.
The giant cockroach waves its antennae.
The giant cockroach bites you.
You closely miss the giant cockroach.
Your headbutt misses the giant cockroach.
The giant cockroach bites you.
You hit the giant cockroach.
The giant cockroach is moderately wounded.
The giant cockroach closely misses you.
You hit the giant cockroach.
The giant cockroach is almost dead.
The giant cockroach bites you.
You completely miss the giant cockroach.
Your headbutt misses the giant cockroach.
The giant cockroach is almost dead.
The giant cockroach closely misses you.
You hit the giant cockroach.
You kill the giant cockroach!
No target in view!
No target in view!
No target in view!
You see here 9 arrows.
Done exploring.
Done exploring.
Search for what [? for help]? .
Done exploring.
You see here 9 arrows.
There is a stone staircase leading down here.
Autopickup is now off.
Are you sure you want to abandon this character and quit the game? (Confirm with "yes".)

Action                   || total
-------------------------++-------
Melee: Dagger            ||    51
       Headbutt          ||     5
 Cast: Ensorcelled Hiber ||     7
 Stab: Sleeping          ||     8
Armor: Robe              ||    17
Dodge: Dodged            ||    34

Levels and vault maps discovered:
D:1:      erik_arrival_triangle_large, layout_loops_ring, serial_shops,
          nicolae_shop_competitors_out_of_business, roderic_roman_lattice,
          minmay_small_reverse_x

Notes
Turn   | Place    | Note
-------+----------+-------------------------------------------
     0 | D:1      | sanka the Demonspawn Enchanter began the quest for the Orb.
     0 | D:1      | Reached XP level 1. HP: 13/13 MP: 3/3
    79 | D:1      | Found Sidwod's Book Shop.
    98 | D:1      | Reached skill level 1 in Short Blades
   571 | D:1      | Gained mutation: You have a pair of small horns on your
                  | head. [demonic ancestry]
   571 | D:1      | Reached XP level 2. HP: 15/19 MP: 5/5
   583 | D:1      | Reached skill level 3 in Stealth
   586 | D:1      | Learned a level 2 spell: Ensorcelled Hibernation
  1525 | D:1      | Quit the game

Vanquished Creatures
  A dart slug (D:1)
  A ball python (D:1)
  5 bats (D:1)
  2 endoplasms (D:1)
  A giant cockroach (D:1)
  2 hobgoblins (D:1)
  A quokka (D:1)
  2 frilled lizards (D:1)
  A kobold (D:1)
  A rat (D:1)
17 creatures vanquished.
